 Dungeon Crawl Stone Soup version 0.31.0-11-ge490571c62 (webtiles) character file.

Game seed: 4779618647000280019

578703 ProzacElf the Hand of Fortune (level 25, 0/231 HPs)
             Began as a Minotaur Monk on Jan 31, 2024.
             Was the Champion of Nemelex Xobeh.
             Killed from afar by an orb of fire (12 damage)
             ... with a fireball
             ... on level 5 of the Realm of Zot on Feb 3, 2024.
             The game lasted 03:26:08 (63654 turns).

ProzacElf the Hand of Fortune (Minotaur Monk)      Turns: 63654, Time: 03:26:08

Health: 0/231      AC: 37    Str: 25    XL:     25   Next: 30%
Magic:  0/38       EV: 21    Int:  5    God:    Nemelex Xobeh [******]
Gold:   151        SH:  0    Dex: 21    Spells: 24/24 levels left

rFire   + + +        a - +8 demon trident "Rift" {distort, reach+}
rCold   + + +        d - orb {light}
rNeg    + + +        Q - +9 scales of the Dragon King {rPois rF+ rC+ Will+}
rPois   +            Y - -2 hat of the Alchemist {rElec rPois rF+ rC+ rN+ Will+ rMut rCorr}
rElec   +            H - scarf {rC+ rF+}
rCorr   +            n - +1 pair of gloves
SInv    .            J - +3 pair of seven-league boots {Rampage+∞}
Will    ++++.        p - amulet "Ugrecr Doicy" {Spirit Regen+ Str+2} Stlth
                     b - ring of Aviqitt {rN++ Will+ rCorr Dex+5, =R}
HPRegen 1.38/turn    A - +5 ring of evasion
MPRegen 0.26/turn

%: resist mutation, guardian spirit, rampage+∞
@: slowed, glowing, studying 5 skills, very slow
A: horns 2, retaliatory headbutt, hooves 1, deterioration 1, dopey 1, screaming
1, weak 1, inability to drink after injury 1
}: 4/15 runes: barnacled, slimy, silver, gossamer
a: Renounce Religion, Draw Escape, Draw Destruction, Draw Summoning, Triple
Draw, Deal Four, Stack Five


You were on level 5 of the Realm of Zot.
You worshipped Nemelex Xobeh.
Nemelex Xobeh was exalted by your worship.
You visited 11 branches of the dungeon, and saw 53 of its levels.

You collected 6344 gold pieces.
You spent 6193 gold pieces at shops.

Inventory:

Hand Weapons
 a - the +8 demon trident "Rift" (weapon) {distort, reach+}
   (You found it on level 10 of the Dungeon)
 g - a +9 glaive of freezing
Missiles
 k - 69 boomerangs (quivered)
 r - 50 poisoned darts
 L - 5 throwing nets
 R - 22 curare-tipped darts
Armour
 d - an orb of light (worn)
 n - a +1 pair of gloves (worn)
 H - a scarf of resistance (worn)
 J - the +3 pair of seven-league boots (worn) {Rampage+∞}
   (You found it on level 1 of the Elven Halls)

   Rampage+∞: When moving toward enemies, its wearer moves as far as possible,
   alerting their target en route.
 Q - the +9 scales of the Dragon King (worn) {rPois rF+ rC+ Will+}
   (You bought it in a shop on level 2 of the Shoals)

   rF+:       It protects you from fire.
   rC+:       It protects you from cold.
   rPois:     It protects you from poison Will+: It increases your willpower.
 Y - the -2 hat of the Alchemist (worn) {rElec rPois rF+ rC+ rN+ Will+ rMut rCorr}
   (You bought it in a shop on level 4 of the Vaults)

   rF+:       It protects you from fire.
   rC+:       It protects you from cold.
   rElec:     It insulates you from electricity.
   rPois:     It protects you from poison rN+: It protects you from negative
   energy.
   Will+:     It increases your willpower.
   rCorr:     It protects you from acid and corrosion.
   rMut:      It protects you from mutation.
Jewellery
 b - the ring of Aviqitt (left hand) {rN++ Will+ rCorr Dex+5, =R}
   (You acquired it on level 1 of the Spider Nest)

   [ring of resist corrosion]

   Dex+5:     It affects your dexterity (+5).
   rN++:      It greatly protects you from negative energy.
   Will+:     It increases your willpower.
   rCorr:     It protects you from acid and corrosion.
 p - the amulet "Ugrecr Doicy" (around neck) {Spirit Regen+ Str+2}
   (You acquired it on level 13 of the Dungeon)

   [amulet of guardian spirit]

   Spirit:    It causes incoming damage to be divided between your reserves of
   health and magic.
   Str+2:     It affects your strength (+2).
   Regen+:    It increases your rate of health regeneration.
 A - a +5 ring of evasion (right hand)
Wands
 E - a wand of polymorph (16)
 I - a wand of acid (18)
 M - a wand of digging (1)
 O - a wand of paralysis (55)
 S - a wand of flame (93)
 T - a wand of roots (54)
 W - a wand of mindburst (14)
Scrolls
 h - 5 scrolls of vulnerability
 j - a scroll of fog
 l - 23 scrolls of teleportation
 s - 5 scrolls of immolation
 v - 3 scrolls of poison
 y - 10 scrolls of fear
 F - 2 scrolls of butterflies
 G - 22 scrolls of identify
 N - 2 scrolls of silence
 V - a scroll of revelation
Potions
 c - 6 potions of ambrosia {!e}
 e - 4 potions of might
 m - 11 potions of mutation
 o - 11 potions of curing
 t - 9 potions of enlightenment
 u - a potion of brilliance
 x - 2 potions of lignification
 B - 2 potions of invisibility
 D - 4 potions of haste
 K - 5 potions of heal wounds
 P - 6 potions of resistance
 U - 5 potions of berserk rage
 X - 3 potions of attraction
Miscellaneous
 i - a tin of tremorstones (2/2)
 q - a box of beasts
 w - a lightning rod (4/4) {!a}
 z - a phantom mirror
 Z - a phial of floods


   Skills:
 - Level 20.0 Fighting
 - Level 19.0 Polearms
 - Level 15.0 Throwing
 - Level 20.0 Armour
 + Level 18.0 Dodging
 - Level 5.0 Stealth
 - Level 25.0 Invocations
 + Level 19.3 Evocations


You had 24 spell levels left.
You didn't know any spells.
Your spell library contained the following spells:

 Spells                   Type           Power      Damage    Failure   Level
 Apportation              Tloc           0%         N/A       100%        1
 Freeze                   Ice            0%         1d3       100%        1
 Magic Dart               Conj           0%         1d3       100%        1
 Necrotise                Necr           0%         1d4       100%        1
 Sandblast                Erth           0%         2d4       100%        1
 Shock                    Conj/Air       0%         1d3       100%        1
 Slow                     Hex            0%         N/A       100%        1
 Sting                    Conj/Alch      0%         1d3       100%        1
 Summon Small Mammal      Summ           0%         N/A       100%        1
 Call Imp                 Summ           0%         N/A       100%        2
 Cigotuvi's Dreadful Rot  Necr/Alch/Air  0%         N/A       100%        2
 Ensorcelled Hibernation  Hex/Ice        0%         N/A       100%        2
 Jinxbite                 Hex            0%         N/A       100%        2
 Lesser Beckoning         Tloc           0%         N/A       100%        2
 Scorch                   Fire           0%         2d5       100%        2
 Searing Ray              Conj           0%         2d4       100%        2
 Sublimation of Blood     Necr           0%         N/A       100%        2
 Confusing Touch          Hex            0%         N/A       100%        3
 Dazzling Flash           Conj/Hex       0%         N/A       100%        3
 Frozen Ramparts          Ice            0%         1d1       100%        3
 Fugue of the Fallen      Necr           0%         N/A       100%        3
 Gell's Gravitas          Tloc           0%         N/A       100%        3
 Hailstorm                Conj/Ice       0%         3d5       100%        3
 Inner Flame              Hex/Fire       0%         N/A       100%        3
 Mephitic Cloud           Conj/Alch/Air  0%         N/A       100%        3
 Ozocubu's Armour         Ice            0%         N/A       100%        3
 Passwall                 Erth           0%         N/A       100%        3
 Sigil of Binding         Hex            0%         N/A       100%        3
 Stone Arrow              Conj/Erth      0%         3d7       100%        3
 Swiftness                Air            0%         N/A       100%        3
 Teleport Other           Tloc           0%         N/A       100%        3
 Tukima's Dance           Hex            0%         N/A       100%        3
 Vampiric Draining        Necr           0%         2d6       100%        3
 Volatile Blastmotes      Fire/Tloc      0%         2d10      100%        3
 Airstrike                Air            0%         2d(0-16)  100%        4
 Animate Armour           Summ/Erth      0%         N/A       100%        4
 Brom's Barrelling Bould  Conj/Erth      0%         2d3       100%        4
 Dimensional Bullseye     Hex/Tloc       0%         N/A       100%        4
 Flame Wave               Conj/Fire      0%         2d4       100%        4
 Fulminant Prism          Conj/Alch      0%         3d5       100%        4
 Ignite Poison            Fire/Alch      0%         N/A       100%        4
 Iskenderun's Mystic Bla  Conj/Tloc      0%         2d3       100%        4
 Leda's Liquefaction      Alch/Erth      0%         N/A       100%        4
 Manifold Assault         Tloc           0%         N/A       100%        4
 Martyr's Knell           Necr/Summ      0%         N/A       100%        4
 Petrify                  Alch/Erth      0%         N/A       100%        4
 Summon Blazeheart Golem  Fire/Summ      0%         N/A       100%        4
 Vhi's Electric Charge    Tloc/Air       0%         N/A       100%        4
 Alistair's Intoxication  Alch           0%         N/A       100%        5
 Arcjolt                  Conj/Air       0%         1d10      100%        5
 Borgnjor's Vile Clutch   Necr/Erth      0%         N/A       100%        5
 Curse of Agony           Necr           0%         N/A       100%        5
 Fireball                 Conj/Fire      0%         3d3       100%        5
 Freezing Cloud           Conj/Ice/Air   0%         6-21      100%        5
 Irradiate                Conj/Alch      0%         3d11      100%        5
 Iskenderun's Battlesphe  Conj           0%         2d6       100%        5
 Lee's Rapid Deconstruct  Erth           0%         3d4*      100%        5
 Metabolic Englaciation   Hex/Ice        0%         N/A       100%        5
 Silence                  Hex/Air        0%         N/A       100%        5
 Yara's Violent Unravell  Hex/Alch       0%         3d3       100%        5
 Bombard                  Conj/Erth      0%         9d1       100%        6
 Conjure Ball Lightning   Conj/Air       0%         3x3d6     100%        6
 Death Channel            Necr           0%         N/A       100%        6
 Dispersal                Tloc           0%         N/A       100%        6
 Eringya's Noxious Bog    Alch           0%         4d6       100%        6
 Plasma Beam              Fire/Air       0%         2x1d10    100%        6
 Sculpt Simulacrum        Ice/Alch       0%         N/A       100%        6
 Summon Cactus Giant      Summ           0%         N/A       100%        6
 Enfeeble                 Hex            0%         N/A       100%        7
 Haunt                    Necr/Summ      0%         N/A       100%        7
 Monstrous Menagerie      Summ           0%         N/A       100%        7
 Orb of Destruction       Conj           0%         9d5       100%        7
 Ozocubu's Refrigeration  Ice            0%         4d7       100%        7
 Spellforged Servitor     Conj/Summ      0%         N/A       100%        7
 Summon Hydra             Summ           0%         N/A       100%        7
 Borgnjor's Revivificati  Necr           0%         N/A       100%        8
 Discord                  Hex            0%         N/A       100%        8
 Disjunction              Tloc           0%         N/A       100%        8
 Ignition                 Fire           0%         3d3       100%        8
 Infestation              Necr           0%         N/A       100%        8
 Lehudib's Crystal Spear  Conj/Erth      0%         10d2      100%        8
 Death's Door             Necr           0%         N/A       100%        9
 Polar Vortex             Ice            0%         N/A       100%        9


Dungeon Overview and Level Annotations

Branches:
Dungeon (15/15)            Temple (1/1) D:6            Lair (5/5) D:9
 Shoals (4/4) Lair:3       Spider (4/4) Lair:2        Slime (5/5) Lair:4
    Orc (2/2) D:9             Elf (3/3) Orc:2        Vaults (5/5) D:13
  Crypt (0/3) Vaults:3     Depths (4/4) D:15            Zot (5/5) Depths:4

Altars:
Ashenzari
Cheibriados
Dithmenos
Elyvilon
Fedhas
Gozag
Hepliaklqana
Kikubaaqudgha
Makhleb
Nemelex Xobeh
Okawaru
Qazlal
Ru
Sif Muna
Trog
Uskayaw
Vehumet
Wu Jian
Xom
Yredelemnul
Zin
The Shining One
Jiyva

Shops:
D:11 *   D:14 *   Orc:1 [   Orc:2 [(*:   Elf:1 :=:   Shoals:2 ?*[(   Vaults:1 [
Vaults:4 [   Depths:1 !=:

Portals:
Hell: Depths:1 Depths:2 Depths:3 Depths:4
Abyss: Depths:1 Depths:3
Pandemonium: Depths:1 Depths:2 Depths:4
Ziggurat: Depths:4
Trove: Vaults:1 (give 7 potions of haste)

Annotations:
Lair:4 exclusion: oklob plant
Abyss:1 Agnes, Aizul, Azrael, Josephine, Sojobo


Innate Abilities, Weirdness & Mutations

You have a pair of horns on your head.
You reflexively headbutt those who attack you in melee.
You have large cloven feet.
Your body sometimes deteriorates upon taking damage.
You are dopey. (Int -2)
You occasionally shout uncontrollably at your foes.
You are weak. (Str -2)
You occasionally lose the ability to drink potions when taking damage.


Message History

Yer +2 long sword "Xaulaps" {freeze, rPois Dex+5} freezes tha manticore.
Tha manticore dies!
Tha storm dragon returns ta its original shape as it dies.
Tha storm dragon scales be intact enough ta wear.
Tha death cob be lost in a daze.
Tha quicksil'er ooze hits ye.
* * * LOW HITPOINT WARNIN'
* * * Tha quicksil'er ooze 'ngulfs ye!
Tha quicksil'er ooze barely misses ye.
Ye take 8 damage, an' haf 21/231 hp.
Ye swap places.
Tha ooze 'ngulfin' ye falls away.
Ye gasp wit' relief as air once again reaches yer lungs.
Tha death cob be lost in a daze.
Yer +2 long sword "Xaulaps" {freeze, rPois Dex+5} hits tha death cob but does nay damage.
Tha orb o' fire emits a lurid red light.
Tha bolt o' fire hits ye!
Ye resist.
* * * LOW HITPOINT WARNIN'
* * * Tha death cob completely misses ye.
Yer +2 long sword "Xaulaps" {freeze, rPois Dex+5} hits tha death cob!
Yer +2 long sword "Xaulaps" {freeze, rPois Dex+5} freezes tha death cob.
Tha quicksil'er ooze closely misses yer butterfly.
Tha quicksil'er ooze barely misses yer butterfly.
Tha death cob completely misses ye.
Ye take 11 damage, an' haf 10/231 hp.
Ye swap places.
Tha death cob hits yer +2 long sword "Xaulaps" {freeze, rPois Dex+5} but does nay damage.
Yer +2 long sword "Xaulaps" {freeze, rPois Dex+5} hits tha death cob!
Yer +2 long sword "Xaulaps" {freeze, rPois Dex+5} freezes tha death cob.
Tha death cob be lost in a daze.
Tha orb o' fire be lost in a daze.
Tha Killer Klown tickles yer butterfly wit' a +9 club!!
Yer butterfly dies!
Yer butterfly disappears in a burst o' colours!
Yer +2 long sword "Xaulaps" {freeze, rPois Dex+5} hits tha death cob.
Yer +2 long sword "Xaulaps" {freeze, rPois Dex+5} freezes tha death cob.
Tha quicksil'er ooze hits yer butterfly!!
Yer butterfly dies!
Yer butterfly disappears in a burst o' colours!
Tha death cob be lost in a daze.
Tha orb o' fire glows yellow.
Tha fireball 'splodes!
Tha fireball 'ngulfs ye!
Ye resist.
Ye die...
Yer body glows wit' a rainbow o' weird colours an' disappears.

,,,,**....#* ##....##^...
,,,,,**#..^###########...###.....
,,,,,,**#...............###......
,,,,,,* *#........b....## #......
,,,,,,* #....^^...b.b.# #^.)...
,,,^,,* *#......pJ*..## #......
,,,,,,* #.b.b.b.?...# #......
,,,,,,* ##....?b.z.b.## #......
,,,,,** #......@(..b..# ##.....
,,,,** *#.......b.....## ##....
,,^** #^...[..........# ##...
**##▓ ▓▓########.########▓ ▓####
###.# #.# #...# #)# #.# ).))# #.#
###.# #.# #.# ###.# #.#
#...#####.# #.# #.# #.#
#.#.......####.#
#.###.########.#.####.......#


You could see an orb of fire (dazed, ally target), a Killer Klown, a death cob
(dazed, ally target), a quicksilver ooze (misshapen) and a friendly +2 long
sword "Xaulaps" {freeze, rPois Dex+5} (summoned).

Vanquished Creatures
  2 ancient liches
  An orb of fire (Zot:5)
  Mara (Depths:2)
  A Killer Klown (Zot:5)
  A curse toe (Zot:5)
  Nikola (Shoals:1)
  Norris (Vaults:1)
  3 golden dragons
  Jorgrun (Elf:2)
  Rupert (D:15)
  3 tentacled monstrosities
  17 Orb Guardians (Zot:5)
  2 liches
  4 sphinxes
  A quicksilver dragon (Vaults:5)
  6 titans (Vaults:5)
  2 deep elf master archers (Elf:3)
  Gastronok (Lair:2)
  3 death cobs
  The ghost of Khashishi the Marksfrog, an adept BaHs of Hepliaklqana (Elf:3)
  11 acid blobs
  2 shadow dragons
  7 tengu reavers
  A revenant (Vaults:3)
  5 storm dragons
  9 azure jellies
  7 fire giants
  Roxanne (D:14)
  8 rockslimes
  A protean progenitor (Zot:5)
  5 frost giants
  A draconian knight (Zot:5)
  An iron dragon (Vaults:5)
  5 spectral caustic shrikes (Depths:2)
  16 vault wardens
  7 draconian shifters
  6 draconian scorchers
  7 deep elf elementalists
  7 deep elf sorcerers
  4 emperor scorpions
  6 ghost moths
  Louise (Elf:2)
  6 quicksilver oozes
  2 broodmothers
  A draconian stormcaller (Zot:4)
  A spriggan defender (Depths:3)
  4 orc warlords
  4 draconian annihilators
  13 ironbound preservers
  3 black draconians
  10 ironbound thunderhulks
  16 very ugly things
  11 stone giants
  A caustic shrike skeleton (Depths:2)
  5 formless jellyfish
  A lorocyproca (Depths:2)
  4 deep elf death magi
  6 green draconians
  4 yellow draconians
  4 deep elf demonologists
  4 vampire knights
  3 war gargoyles
  2 red draconians
  A purple draconian (Zot:5)
  2 spark wasps
  A dire elephant (Vaults:1)
  12 deep elf annihilators
  7 white draconians
  5 merfolk javelineers
  Snorg (Orc:2)
  12 ettins
  3 jiangshi (Depths:1)
  5 merfolk impalers
  8 yaktaur captains
  A crystal guardian (Vaults:4)
  4 great orbs of eyes
  3 entropy weavers
  8 fire dragons
  9 deep elf high priests
  2 entropy weavers (shapeshifter)
  4 ice dragons
  7 hydras
  30 vault guards
  A rakshasa (Depths:2)
  5 radroaches
  3 spriggan air magi
  3 peacekeepers
  A catoblepas (Elf:2)
  10 ironbound frosthearts
  An anaconda (Shoals:1)
  Erica (Lair:1)
  A satyr (Shoals:4)
  2 jorogumos
  2 merfolk avatars
  6 boulder beetles
  3 merfolk aquamancers (Shoals:4)
  A two-headed ogre (shapeshifter) (Vaults:5)
  8 centaur warriors
  5 two-headed ogres
  25 dancing weapons
  4 death yaks
  12 tengu warriors
  2 vampire magi
  3 spriggan berserkers
  4 deep troll shamans
  5 deep troll earth magi
  3 demonic crawlers
  2 orc high priests
  8 occultists
  A shock serpent (shapeshifter) (Depths:4)
  Sonja (Lair:2)
  A titan skeleton (Vaults:2)
  A storm dragon zombie (Vaults:5)
  15 deep elf knights
  4 iron trolls
  9 skysharks
  3 skeletal warriors
  2 sixfirhies
  A pharaoh ant (Spider:3)
  10 sea snakes
  A glowing orange brain (shapeshifter) (Vaults:5)
  An obsidian statue (Zot:5)
  57 deep trolls
  15 orb spiders
  14 arcanists
  5 glowing orange brains
  A mana viper (Zot:5)
  8 deep elf archers
  21 harpies
  14 ironbound convokers
  3 lindwurms (Vaults:4)
  34 deep elf zephyrmancers
  A golden dragon skeleton (Depths:2)
  A swamp dragon (Vaults:4)
  A sun moth (Spider:3)
  10 necromancers
  5 steelbarb worms
  14 orc knights
  17 deep elf pyromancers
  2 human zombies
  6 phantasmal warriors
  11 manticores
  2 orc sorcerers (Depths:3)
  7 shining eyes
  13 wolf spiders
  8 fauns
  A sphinx simulacrum (Vaults:2)
  5 cyclopes
  29 ugly things
  9 moths of wrath
  7 meliai
  A salamander (Depths:1)
  8 elephants
  A frost giant skeleton (Depths:2)
  3 merfolk sirens
  A meliai (shapeshifter) (D:15)
  A fire giant skeleton (Depths:1)
  An ice statue (D:13)
  A smoke demon (Depths:2)
  3 torpor snails
  14 vault sentinels
  A water nymph (shapeshifter) (Vaults:5)
  3 eyes of devastation
  3 black mambas
  2 gargoyles (D:12)
  6 water nymphs
  A kobold blastminer (Orc:2)
  3 unseen horrors
  11 cane toads
  10 komodo dragons
  2 hellions
  A komodo dragon (shapeshifter) (D:14)
  2 freezing wraiths
  A kobold demonologist (D:10)
  4 rime drakes
  19 yaktaurs
  A yaktaur skeleton (Vaults:5)
  3 tengu conjurers (Depths:1)
  25 merfolk
  A queen bee (shapeshifter) (D:15)
  2 trolls (shapeshifter)
  A queen bee (Lair:2)
  8 trolls
  5 polar bears
  10 wind drakes
  A tyrant leech (Zot:5)
  40 tarantellas
  A tarantella (shapeshifter) (Elf:2)
  8 blink frogs
  9 hornets
  2 glass eyes
  A glass eye (shapeshifter) (Vaults:5)
  9 snapping turtles
  A tengu simulacrum (Depths:1)
  14 dream sheep
  A snapping turtle (shapeshifter) (Vaults:5)
  88 slime creatures
  6 shadows
  20 jumping spiders
  5 water elementals
  18 spriggans
  A vampire (D:10)
  2 air elementals (Elf:2)
  15 culicivoras
  A culicivora (shapeshifter) (Spider:1)
  5 wyverns
  8 wraiths
  A ynoxinul (Depths:1)
  14 humans (D:13)
  51 yaks
  7 basilisks
  3 wargs
  4 fire elementals
  A yak (shapeshifter) (D:13)
  2 golden eyes (Slime:2)
  A steam dragon (D:10)
  A redback (shapeshifter) (D:15)
  28 redbacks
  2 vampire mosquitoes (D:13)
  A glowing shapeshifter zombie (Depths:2)
  3 acid dragons
  16 water moccasins
  8 hell hounds
  A human simulacrum (Vaults:4)
  27 orc warriors
  A glowing shapeshifter skeleton (Depths:2)
  A black bear (shapeshifter) (Vaults:5)
  5 black bears
  3 laughing skulls
  7 ogres
  32 wolves
  16 centaurs
  A boggart (Lair:5)
  4 kobold brigands
  2 gnoll sergeants
  A glowing shapeshifter simulacrum (Depths:1)
  2 human skeletons
  8 bullfrogs
  2 earth elementals (Elf:1)
  3 scorpions
  10 wights
  2 howler monkeys (D:6)
  36 killer bees
  3 electric eels
  2 bombardier beetles
  5 hounds
  20 orc priests
  2 jellies
  2 iguanas
  30 orc wizards
  9 gnolls
  A river rat (Lair:2)
  11 adders
  2 white imps
  A dart slug (D:2)
  A ribbon worm (Lair:1)
  92 orcs
  3 bats
  3 endoplasms
  3 giant cockroaches
  8 goblins
  2 hobgoblins
  17 jackals
  30 kobolds
  2 quokkas
  9 ball pythons
  3 frilled lizards
  3 rats
  An aspiring flesh (Zot:5)
1880 creatures vanquished.

Vanquished Creatures (collateral kills)
  the Royal Jelly (Slime:5)
  Jory (Depths:3)
  4 Orb Guardians (Zot:5)
  Frances (D:13)
  A deep elf master archer (Elf:3)
  A tengu reaver (Vaults:5)
  3 rockslimes (Slime:5)
  A fire giant (Vaults:5)
  A vault warden (Vaults:5)
  2 emperor scorpions (Spider:4)
  A ghost moth (Spider:4)
  A quicksilver ooze (Slime:5)
  An ettin (Vaults:5)
  A merfolk impaler (Shoals:4)
  3 vault guards
  A catoblepas (Lair:3)
  A merfolk aquamancer (Shoals:4)
  An orc high priest (Orc:2)
  A skyshark (Vaults:1)
  A fire crab (Vaults:4)
  An ironbound convoker (Vaults:5)
  An orc knight (Orc:2)
  3 manticores
  A shining eye (Slime:5)
  4 elephants
  2 vault sentinels
  A troll (D:12)
  5 merfolk (Shoals:4)
  A hornet (Lair:5)
  2 blink frogs
  A tarantella (Spider:4)
  4 slime creatures
  A jumping spider (Spider:4)
  A shadow (D:12)
  A wyvern (Lair:2)
  A spriggan (Lair:5)
  A water elemental (Shoals:4)
  A wraith (D:12)
  A vampire (D:10)
  3 yaks (Lair:5)
  A redback (Spider:4)
  3 water moccasins
  4 orc warriors
  A wolf (Lair:2)
  2 killer bees (Lair:2)
  An orc priest (Orc:1)
  An iguana (Vaults:4)
  2 orcs (Orc:1)
79 creatures vanquished.

Vanquished Creatures (others)
  A deep elf blademaster (Elf:3)
  A rakshasa (Depths:1)
  A tengu warrior (Depths:1)
  3 deep troll shamans (Depths:1)
  A deep troll (Depths:1)
  A deep elf pyromancer (Elf:1)
  A deep elf zephyrmancer (Elf:1)
  A tarantella (Spider:4)
  A human (D:13)
  An orc priest (D:10)
12 creatures vanquished.

Grand Total: 1971 creatures vanquished

Notes
Turn   | Place    | Note
-------+----------+-------------------------------------------
     0 | D:1      | ProzacElf the Minotaur Monk began the quest for the Orb.
     0 | D:1      | Reached XP level 1. HP: 19/19 MP: 0/0
    34 | D:1      | Reached XP level 2. HP: 24/26 MP: 1/1
   921 | D:2      | Reached XP level 3. HP: 30/31 MP: 2/2
  1090 | D:2      | Reached XP level 4. HP: 39/39 MP: 3/3
  1098 | D:2      | Reached skill level 5 in Polearms
  1167 | D:2      | Found a broken altar of Ashenzari.
  1430 | D:3      | Found a faded altar of an unknown god.
  1708 | D:3      | Reached skill level 5 in Dodging
  1708 | D:3      | Reached XP level 5. HP: 35/45 MP: 4/4
  1824 | D:3      | Reached skill level 1 in Throwing
  2032 | D:4      | Noticed a black bear
  2045 | D:4      | Killed a black bear
  2046 | D:4      | Reached XP level 6. HP: 37/51 MP: 5/5
  2919 | D:5      | Entered Level 5 of the Dungeon
  3000 | D:5      | Found a sparkling altar of Nemelex Xobeh.
  3007 | D:5      | Became a worshipper of Nemelex Xobeh the Trickster
  3007 | D:5      | Reached * piety under Nemelex Xobeh
  3007 | D:5      | Received a gift from Nemelex Xobeh
  3007 | D:5      | Reached ** piety under Nemelex Xobeh
  3109 | D:5      | Reached XP level 7. HP: 57/57 MP: 6/6
  3859 | D:6      | Found a staircase to the Ecumenical Temple.
  3860 | D:6      | Reached *** piety under Nemelex Xobeh
  3866 | Temple   | Entered the Ecumenical Temple
  4014 | D:6      | Received a gift from Nemelex Xobeh
  4039 | D:6      | Reached skill level 5 in Throwing
  4256 | D:6      | Reached XP level 8. HP: 18/64 MP: 7/7
  4746 | D:7      | Reached skill level 10 in Polearms
  5876 | D:8      | Received a gift from Nemelex Xobeh
  5993 | D:8      | Reached **** piety under Nemelex Xobeh
  6030 | D:8      | Reached skill level 1 in Invocations
  6081 | D:8      | Reached skill level 2 in Invocations
  6256 | D:8      | Reached XP level 9. HP: 56/70 MP: 9/9
  6470 | D:8      | Reached skill level 3 in Invocations
  6483 | D:8      | Reached skill level 4 in Invocations
  6598 | D:8      | Reached skill level 5 in Invocations
  6861 | D:8      | Noticed an unseen horror
  6869 | D:8      | Killed an unseen horror
  6870 | D:8      | Reached skill level 6 in Invocations
  7146 | D:9      | Received a gift from Nemelex Xobeh
  7219 | D:9      | Found a shimmering blue altar of Sif Muna.
  7390 | D:9      | Reached XP level 10. HP: 77/77 MP: 13/13
  7670 | D:9      | Reached skill level 1 in Evocations
  7837 | D:9      | Reached skill level 7 in Invocations
  7879 | D:9      | Found a staircase to the Orcish Mines.
  8281 | D:9      | Found a radiant altar of Vehumet.
  8281 | D:9      | Received a gift from Nemelex Xobeh
  8332 | D:9      | Found a staircase to the Lair.
  8514 | D:9      | Identified the +4 leather armour "Etujaf" {^Contam rC+
                  | Int+2}
  8924 | Lair:1   | Entered Level 1 of the Lair of Beasts
  9016 | Lair:1   | Reached skill level 8 in Invocations
  9214 | Lair:1   | Noticed a torpor snail
  9268 | Lair:1   | Killed a torpor snail
  9338 | Lair:1   | Reached ***** piety under Nemelex Xobeh
  9417 | Lair:1   | Received a gift from Nemelex Xobeh
  9441 | Lair:1   | Noticed a death yak
  9441 | Lair:1   | Noticed a death yak
  9451 | Lair:1   | a death yak changed into a skyshark
  9451 | Lair:1   | Noticed a skyshark
  9454 | Lair:1   | Killed a skyshark
  9455 | Lair:1   | Reached skill level 9 in Invocations
  9455 | Lair:1   | Reached skill level 5 in Evocations
  9458 | Lair:1   | Killed a death yak
  9459 | Lair:1   | Reached XP level 11. HP: 20/82 MP: 15/17
  9685 | Lair:1   | Noticed Erica
  9715 | Lair:1   | Killed Erica
  9716 | Lair:1   | Reached skill level 10 in Invocations
  9735 | Lair:1   | Reached skill level 1 in Armour
  9943 | Lair:1   | Reached skill level 5 in Fighting
 10355 | Lair:1   | Reached skill level 5 in Armour
 10921 | Lair:2   | Received a gift from Nemelex Xobeh
 10925 | Lair:2   | Noticed Gastronok
 10971 | Lair:2   | Killed Gastronok
 11091 | Lair:2   | Reached skill level 11 in Invocations
 11621 | Lair:2   | Reached XP level 12. HP: 91/94 MP: 19/19
 11823 | Lair:2   | Noticed Sonja
 11834 | Lair:2   | Killed Sonja
 11850 | Lair:2   | Got the Excursus on Ashes and Assembling
 12063 | Lair:2   | Reached skill level 12 in Invocations
 12219 | Lair:2   | Found a hole to the Spider Nest.
 12676 | Lair:2   | Received a gift from Nemelex Xobeh
 13038 | Lair:3   | Noticed a five-headed hydra
 13049 | Lair:3   | Killed a one-headed hydra
 13542 | Lair:3   | Received a gift from Nemelex Xobeh
 13548 | Lair:3   | Found a staircase to the Shoals.
 13851 | Lair:3   | Noticed a fire dragon
 13863 | Lair:3   | Killed a fire dragon
 13864 | Lair:3   | Reached skill level 13 in Invocations
 14661 | Lair:4   | Noticed a catoblepas
 14758 | Lair:3   | Killed a catoblepas
 14759 | Lair:3   | Reached skill level 10 in Evocations
 14781 | Lair:3   | Reached XP level 13. HP: 32/100 MP: 22/22
 15012 | Lair:3   | Reached skill level 1 in Stealth
 15767 | Lair:4   | Received a gift from Nemelex Xobeh
 15820 | Lair:4   | Found a viscous altar of Jiyva.
 15820 | Lair:4   | Found a staircase to the Slime Pits.
 15932 | Lair:4   | Reached skill level 14 in Invocations
 16387 | Lair:4   | Reached ****** piety under Nemelex Xobeh
 16590 | Lair:5   | Entered Level 5 of the Lair of Beasts
 17106 | Lair:5   | Received a gift from Nemelex Xobeh
 17719 | Lair:5   | Reached skill level 5 in Stealth
 18142 | Lair:5   | Paralysed by a hornet for 2 turns
 18390 | Lair:5   | Paralysed by a hornet for 3 turns
 18902 | Lair:5   | Reached XP level 14. HP: 80/119 MP: 24/24
 19031 | Lair:5   | Received a gift from Nemelex Xobeh
 19161 | Lair:5   | Reached skill level 15 in Invocations
 19388 | Lair:5   | Reached skill level 10 in Fighting
 20075 | D:10     | Entered Level 10 of the Dungeon
 20501 | D:10     | Identified the amulet "Epyat" {RegenMP Int+3}
 21716 | D:10     | Found the +8 demon trident "Rift" {distort, reach+}
 21730 | D:10     | Identified the staff "Wukk" {+Blink rElec Stlth+ Conj Air}
 22491 | D:11     | Received a gift from Nemelex Xobeh
 22708 | D:11     | Found an ornate altar of the Wu Jian Council.
 22715 | D:11     | Identified the +0 chain mail of Makhleb's Whim {rF+}
 22753 | D:11     | Received a gift from Nemelex Xobeh
 22844 | D:11     | Found Jiadghom's Assorted Antiques.
 22850 | D:11     | Bought a scroll of enchant armour for 180 gold pieces
 22850 | D:11     | Bought a glowing plate armour for 624 gold pieces
 23522 | D:12     | Received a gift from Nemelex Xobeh
 23835 | D:12     | Received a gift from Nemelex Xobeh
 24627 | Orc:1    | Entered Level 1 of the Orcish Mines
 24665 | Orc:2    | Entered Level 2 of the Orcish Mines
 24826 | Orc:2    | Found Xehoy's Antique Weapon Boutique.
 25106 | Orc:2    | Found Fytaolic's Book Emporium.
 25237 | Orc:2    | Received a gift from Nemelex Xobeh
 25461 | Orc:2    | Found a staircase to the Elven Halls.
 25693 | Orc:1    | Noticed Josephine
 25700 | Orc:1    | Banished Josephine
 25737 | Orc:1    | Received a gift from Nemelex Xobeh
 25758 | Orc:1    | You fall into a shaft and drop 1 floor!
 26344 | Orc:2    | Found Puwk's Antique Armour Shoppe.
 26487 | Orc:2    | Noticed an orc warlord
 26488 | Orc:2    | Found Kumypley's General Store.
 26493 | Orc:2    | Reached XP level 15. HP: 138/138 MP: 25/25
 26802 | Orc:2    | Noticed Snorg
 26809 | Orc:2    | Killed Snorg
 27301 | Orc:1    | Found Ciocs's Antique Armour Boutique.
 27311 | Orc:1    | Bought an embroidered cloak for 187 gold pieces
 27445 | D:13     | Received a gift from Nemelex Xobeh
 27731 | D:13     | Identified a scroll of acquirement
 27731 | D:13     | Acquired the amulet "Ugrecr Doicy" {Spirit Regen+ Str+2}
 27888 | D:13     | Identified the +1 robe of Darkness {rPois Int+8}
 27925 | D:13     | Reached skill level 10 in Throwing
 27979 | D:13     | Noticed Frances
 27994 | D:13     | Killed Frances
 28186 | D:13     | Reached skill level 15 in Fighting
 28510 | D:13     | Found a gate to the Vaults.
 28732 | D:14     | Received a gift from Nemelex Xobeh
 28768 | D:14     | Noticed Azrael
 28789 | D:14     | Banished Azrael
 28854 | D:14     | Reached skill level 10 in Armour
 28882 | D:14     | Noticed Agnes
 28884 | D:14     | Banished Agnes
 28908 | D:14     | Received a gift from Nemelex Xobeh
 28969 | D:14     | Noticed Roxanne
 28977 | D:14     | Killed Roxanne
 29080 | D:14     | Found Koluxt's Assorted Antiques.
 29103 | D:14     | Got the Information on Bewitchment and Blasts
 29454 | D:15     | Entered Level 15 of the Dungeon
 29456 | D:15     | Received a gift from Nemelex Xobeh
 30295 | D:15     | Noticed Rupert
 30312 | D:15     | Killed Rupert
 30313 | D:15     | Reached skill level 15 in Polearms
 30382 | D:15     | Reached XP level 16. HP: 124/149 MP: 21/26
 30410 | D:15     | Found a staircase to the Depths.
 30719 | Spider:1 | Entered Level 1 of the Spider Nest
 30776 | Spider:1 | Received a gift from Nemelex Xobeh
 31088 | Spider:1 | Reached skill level 16 in Invocations
 31518 | Spider:1 | Received a gift from Nemelex Xobeh
 31522 | Spider:1 | Acquired the ring of Aviqitt {rN++ Will+ rCorr Dex+5}
 32294 | Spider:2 | Received a gift from Nemelex Xobeh
 32630 | Spider:2 | Received a gift from Nemelex Xobeh
 33488 | Spider:3 | Reached skill level 17 in Invocations
 34288 | Spider:3 | Received a gift from Nemelex Xobeh
 34532 | Spider:4 | Entered Level 4 of the Spider Nest
 34798 | Spider:4 | Identified the +5 ring mail "Zamn" {Int+3}
 34927 | Spider:4 | Reached XP level 17. HP: 115/156 MP: 4/28
 35659 | Spider:4 | Reached skill level 18 in Invocations
 35983 | Spider:4 | Got a gossamer rune of Zot
 36520 | Vaults:1 | Entered Level 1 of the Vaults
 37000 | Vaults:1 | Identified the +1 hand axe "Caynink" {freeze, rPois rN+}
 37022 | Vaults:1 | Received a gift from Nemelex Xobeh
 37323 | Vaults:1 | Reached skill level 19 in Invocations
 37796 | Vaults:1 | Found Julojaom's Antique Armour Shop.
 37804 | Vaults:1 | Bought a pair of runed gloves for 217 gold pieces
 37848 | Vaults:1 | Noticed Norris
 37868 | Vaults:1 | Killed Norris
 37953 | Vaults:1 | Reached XP level 18. HP: 160/163 MP: 30/30
 38166 | Vaults:1 | Received a gift from Nemelex Xobeh
 38277 | Vaults:1 | Found a portal to a secret trove of treasure.
 38756 | Vaults:2 | Identified the serpent talisman "Xoagosem" {rN+ Int+4}
 38756 | Vaults:2 | Noticed Aizul
 38760 | Vaults:2 | Banished Aizul
 38861 | Vaults:2 | Identified the +3 long sword "Ytodoff" {vamp, ^Contam rPois
                  | rCorr Int-2}
 39194 | Vaults:2 | Received a gift from Nemelex Xobeh
 39237 | Vaults:2 | Identified the +5 broad axe "Kopugois" {venom, Str+2}
 39262 | Vaults:2 | Reached skill level 20 in Invocations
 39427 | Vaults:2 | Noticed Sojobo
 39435 | Vaults:2 | Paralysed by an air elemental for 1 turns
 39440 | Vaults:2 | Paralysed by an air elemental for 1 turns
 39449 | Vaults:2 | Banished Sojobo
 39756 | Vaults:2 | Received a gift from Nemelex Xobeh
 41270 | Vaults:3 | Received a gift from Nemelex Xobeh
 41409 | Vaults:3 | Reached XP level 19. HP: 151/170 MP: 25/32
 41699 | Vaults:3 | Received a gift from Nemelex Xobeh
 41808 | Vaults:3 | Found a staircase to the Crypt.
 41920 | Vaults:3 | Reached skill level 10 in Dodging
 42115 | Vaults:3 | Got the Compendium of Wicked Spells
 42556 | Vaults:4 | Received a gift from Nemelex Xobeh
 42631 | Vaults:4 | Reached skill level 15 in Evocations
 42665 | Vaults:4 | Identified the +5 orcbow of Chaos {drain, *Corrode rPois
                  | Str+2}
 42700 | Vaults:4 | Found Labass's Antique Armour Shoppe.
 42705 | Vaults:4 | Bought the -2 hat of the Alchemist {rElec rPois rF+ rC+ rN+
                  | Will+ rMut rCorr} for 1274 gold pieces
 42705 | Vaults:4 | Found the -2 hat of the Alchemist {rElec rPois rF+ rC+ rN+
                  | Will+ rMut rCorr}
 43420 | Vaults:4 | Identified the +2 scale mail of Eptorut {Str+4 Dex+6 SInv}
 43901 | Vaults:4 | Received a gift from Nemelex Xobeh
 44206 | Shoals:1 | Entered Level 1 of the Shoals
 44443 | Shoals:1 | Noticed Nikola
 44459 | Shoals:1 | Killed Nikola
 44685 | Shoals:1 | Acquired a manual of Invocations
 44695 | Shoals:1 | Received a gift from Nemelex Xobeh
 45101 | Shoals:2 | Found Xaupp's General Store.
 45167 | Shoals:2 | Bought a potion of curing for 30 gold pieces
 45217 | Shoals:2 | Reached XP level 20. HP: 178/178 MP: 31/33
 45284 | Shoals:2 | Found Voon's Antique Weapon Emporium.
 45344 | Shoals:2 | Found Gynuokk's Armour Shop.
 45401 | Shoals:2 | Found Ciodiuqe's Magic Scroll Emporium.
 45585 | Shoals:2 | Received a gift from Nemelex Xobeh
 45992 | Shoals:4 | Entered Level 4 of the Shoals
 46016 | Shoals:4 | Identified the +5 dagger "Irappasu" {venom, rCorr MP+9
                  | Int+4}
 46039 | Shoals:4 | Received a gift from Nemelex Xobeh
 46217 | Shoals:4 | Got a barnacled rune of Zot
 46497 | Shoals:4 | Reached skill level 21 in Invocations
 46856 | Shoals:4 | Identified the ring of Kyddi {rElec rC+}
 47552 | Depths:1 | Entered Level 1 of the Depths
 47578 | Depths:1 | Found a gateway to Hell.
 48070 | Depths:1 | Found Sauxocim's Distillery.
 48072 | Depths:1 | Found Bopokh's Jewellery Boutique.
 48085 | Depths:1 | Acquired 1029 gold pieces
 48240 | Depths:1 | Reached skill level 15 in Armour
 48289 | Depths:1 | Reached skill level 22 in Invocations
 48382 | Depths:1 | Found a one-way gate to the infinite horrors of the Abyss.
 48421 | Depths:1 | Found Yda Utow's Tiny Tomes.
 48454 | Depths:1 | Found a one-way gate leading to the halls of Pandemonium.
 48504 | Depths:1 | Received a gift from Nemelex Xobeh
 49050 | Depths:2 | Received a gift from Nemelex Xobeh
 49061 | Depths:2 | Noticed Mara
 49092 | Depths:2 | Killed Mara
 49093 | Depths:2 | Reached XP level 21. HP: 184/184 MP: 35/35
 49099 | Depths:2 | Noticed a caustic shrike
 49099 | Depths:2 | Noticed a juggernaut
 49198 | Depths:2 | Reached skill level 23 in Invocations
 49207 | Depths:2 | Noticed a golden dragon
 49296 | Depths:2 | Reached skill level 15 in Throwing
 49834 | Depths:3 | Noticed Jory
 49846 | Depths:3 | Killed Jory
 50130 | Depths:3 | Noticed an ancient lich
 50141 | Depths:3 | Killed an ancient lich
 50191 | Depths:3 | Reached skill level 24 in Invocations
 50371 | Depths:3 | Found a broken altar of Ashenzari.
 50976 | Depths:3 | Received a gift from Nemelex Xobeh
 51298 | Depths:4 | Entered Level 4 of the Depths
 51298 | Depths:4 | Received a gift from Nemelex Xobeh
 51305 | Depths:4 | Found a hazy altar of Hepliaklqana.
 51327 | Depths:4 | Found a one-way gateway to a ziggurat.
 51653 | Shoals:2 | Bought the +9 scales of the Dragon King {rPois rF+ rC+
                  | Will+} for 2121 gold pieces
 51653 | Shoals:2 | Found the +9 scales of the Dragon King {rPois rF+ rC+
                  | Will+}
 52016 | Depths:4 | Reached skill level 25 in Invocations
 52063 | Depths:4 | Received a gift from Nemelex Xobeh
 52597 | Depths:4 | Reached XP level 22. HP: 193/194 MP: 37/37
 52792 | Depths:4 | Noticed a golden dragon
 52806 | Depths:4 | Killed a golden dragon
 52815 | Depths:4 | Found a gate to the Realm of Zot.
 53168 | Elf:1    | Entered Level 1 of the Elven Halls
 53705 | Elf:1    | Identified the +2 robe of Kegaj {Harm SInv}
 53793 | Elf:1    | Found the +3 pair of seven-league boots {Rampage+∞}
 53823 | Elf:1    | Received a gift from Nemelex Xobeh
 53887 | Elf:1    | Found Tigh's Book Boutique.
 53887 | Elf:1    | Found Oggabifuev's Jewellery Emporium.
 53888 | Elf:1    | Found Senairre's Book Boutique.
 54133 | Elf:2    | Noticed Louise
 54144 | Elf:2    | Killed Louise
 54631 | Elf:2    | Noticed Jorgrun
 54637 | Elf:2    | Received a gift from Nemelex Xobeh
 54644 | Elf:2    | Killed Jorgrun
 54680 | Elf:2    | Found a runed translucent gate.
 54680 | Elf:2    | Found a runed translucent gate.
 54684 | Elf:2    | Found a runed translucent gate.
 54684 | Elf:2    | Identified the +1 battleaxe "Jaotoc" {heavy, rPois}
 55244 | Elf:2    | Received a gift from Nemelex Xobeh
 55357 | Elf:3    | Entered Level 3 of the Elven Halls
 56154 | Elf:3    | Reached XP level 23. HP: 211/211 MP: 38/38
 56320 | Elf:3    | Identified the +8 morningstar "Arghiha" {holy, Str+6 Int-4
                  | Dex+4}
 56320 | Elf:3    | Identified the +3 robe of Fedhas, Growing {rCorr}
 56320 | Elf:3    | Identified the ring of Gudir {rF+ Dex+3}
 56422 | Elf:3    | Identified the +8 trident "Secluczi" {freeze, rC+ Int-5
                  | Dex+2 Stlth+}
 56440 | Elf:3    | Identified the +0 chain mail of Polytheism {SInv}
 56442 | Elf:3    | Identified the +0 scale mail of Ignis's Respect {Str+6}
 56492 | Elf:3    | Identified the +0 scale mail of Zunihax {rF++ rCorr}
 56501 | Elf:3    | Got Tong's Essays on the Destined Graveyard
 56635 | Elf:3    | Received a gift from Nemelex Xobeh
 56743 | Elf:3    | Found a runed translucent door.
 56872 | Elf:3    | Noticed Khashishi's ghost (adept BaHs)
 56889 | Elf:3    | Killed Khashishi's ghost
 57212 | Slime:1  | Entered Level 1 of the Pits of Slime
 57498 | Slime:3  | Paralysed by a formless jellyfish for 1 turns
 57798 | Slime:5  | Entered Level 5 of the Pits of Slime
 57805 | Slime:5  | Found a viscous altar of Jiyva.
 57839 | Slime:5  | Gained mutation: You have large cloven feet. [a shining
                  | eye]
 57872 | Slime:5  | Received a gift from Nemelex Xobeh
 57892 | Slime:5  | Found the +3 greatsling "Punk" {acid, rCorr}
 57964 | Slime:5  | Gained mutation: Your body sometimes deteriorates upon
                  | taking damage. [a shining eye]
 58115 | Slime:5  | Gained mutation: You are dopey. (Int -2) [a shining eye]
 58117 | Slime:5  | Gained mutation: You occasionally shout uncontrollably at
                  | your foes. [a shining eye]
 58149 | Slime:5  | Noticed the Royal Jelly
 58150 | Slime:5  | Gained mutation: You are weak. (Str -2) [a shining eye]
 58166 | Slime:5  | Killed the Royal Jelly
 58336 | Slime:5  | Got a slimy rune of Zot
 58338 | Slime:5  | Identified the +3 rapier of Oppatsyle {speed, rF+ rCorr
                  | Int+4 Dex+3}
 58375 | Slime:5  | Identified the +6 arbalest of Mayhem {flame, rElec rF++
                  | Str+3 Dex-4}
 58431 | Slime:5  | Identified the +8 executioner's axe of Tit Teh {flame, SInv
                  | Stlth+}
 58533 | Slime:5  | Received a gift from Nemelex Xobeh
 58538 | Slime:5  | Identified the +7 quarterstaff of Causality {antimagic,
                  | rCorr}
 59287 | Vaults:5 | Entered Level 5 of the Vaults
 59928 | Vaults:5 | Reached XP level 24. HP: 140/224 MP: 24/38
 60096 | Vaults:5 | Identified the +8 flail "Veodiczo" {heavy, rPois Int+2
                  | Dex+6}
 60096 | Vaults:5 | Identified the +1 robe of the Harp {Harm Regen+ Dex+5
                  | Stlth-}
 60135 | Vaults:5 | Got a silver rune of Zot
 60203 | Vaults:5 | Identified the ring of the Butterfly {rElec rF+ AC+4 Int+4}
 60650 | Vaults:5 | Received a gift from Nemelex Xobeh
 60713 | Vaults:5 | Identified the +2 pair of boots "Resumot" {Harm +Inv
                  | Regen+}
 60782 | Vaults:5 | Identified the +1 shortbow "Hocygys" {freeze, rC- MP+9
                  | Str+4}
 60803 | Vaults:5 | Got Sif Muna's Textbook on Vile Bad Luck
 60969 | Vaults:5 | Identified the +2 ring mail "Benoacygro" {Str+4 Dex+2}
 61451 | D:14     | Bought a box of beasts for 1560 gold pieces
 61661 | Zot:1    | Entered Level 1 of the Realm of Zot
 61752 | Zot:3    | Reached skill level 15 in Dodging
 61841 | Zot:3    | Received a gift from Nemelex Xobeh
 62210 | Zot:5    | Entered Level 5 of the Realm of Zot
 62877 | Zot:5    | Noticed an ancient lich
 62891 | Zot:5    | Killed an ancient lich
 63002 | Zot:5    | Received a gift from Nemelex Xobeh
 63221 | Zot:5    | Gained mutation: You occasionally lose the ability to drink
                  | potions when taking damage. [a neqoxec]
 63250 | Zot:5    | Reached XP level 25. HP: 127/231 MP: 22/38
 63267 | Zot:5    | Noticed an orb of fire
 63341 | Zot:5    | Noticed an orb of fire
 63345 | Zot:5    | Noticed a Killer Klown
 63360 | Zot:5    | Killed an orb of fire
 63363 | Zot:5    | Banished an orb of fire
 63379 | Zot:5    | Killed a Killer Klown
 63394 | Zot:5    | Noticed an orb of fire
 63409 | Zot:5    | Banished an orb of fire
 63419 | Zot:5    | Noticed an orb of fire
 63432 | Zot:5    | Banished an orb of fire
 63452 | Zot:5    | Noticed an orb of fire
 63455 | Zot:5    | Banished an orb of fire
 63598 | Zot:5    | Noticed an orb of fire
 63602 | Zot:5    | Noticed a Killer Klown
 63606 | Zot:5    | Noticed an orb of fire
 63612 | Zot:5    | Noticed a Killer Klown
 63616 | Zot:5    | Noticed an ancient lich
 63643 | Zot:5    | Identified the +2 long sword "Xaulaps" {freeze, rPois
                  | Dex+5}
 63650 | Zot:5    | HP: 10/231 [quicksilver dragon/bolt of dispelling energy
                  | (28)]
 63654 | Zot:5    | Killed from afar by an orb of fire

Illustrated notes

Levels and vault maps discovered:
D:1:      dpeg_arrival_oval, layout_loops_ring
D:2:      layout_rooms, basic_altar
D:3:      wander_river, layout_rooms, nicolae_ecumenical_snake_handling
D:4:      layout_loops_cross, serial_rivers, chequers_serial_rivers_room_b,
          chequers_serial_rivers_room_b, chequers_serial_rivers_micro_e,
          chequers_serial_rivers_micro_d
D:5:      layout_gridville, mainiacjoe_overflow_paths
D:6:      layout_basic, minmay_temple_entry_gardened_gates
D:7:      layout_cave_pools
D:8:      layout_gridville, grunt_ministairs_14
D:9:      layout_basic, nicolae_vehumet_altar_sigil, led_sif_book,
          lair_entry_dummy, hiddenorc2_lemuel
D:10:     minmay_the_grid_net [minmay_the_grid_empty, minmay_the_grid_fan,
          minmay_the_grid_outer_circle, minmay_the_grid_stretched_grid,
          minmay_the_grid_spin_star, minmay_the_grid_prize_trominoes],
          layout_basic, nicolae_doodle_vault
D:11:     layout_loops_ring, serial_shops, shop, nicolae_wu_jian_glorious_leap
D:12:     minmay_opposing_rooms, layout_irregular_city
D:13:     minmay_statue_hallways, layout_gridville, grunt_vaults_entry_tiered,
          uniq_frances
D:14:     layout_small_grid, serial_shops, nicolae_shop_back_alley_shop,
          hangedman_decor_slide_cut, uniq_roxanne, uniq_azrael, uniq_agnes
D:15:     grunt_enter_depths_snipers, layout_cross, fountainhead, uniq_rupert
Temple:   compressed_dpeg_triangle_lava_temple
Lair:1:   layout_cave_shapes, grunt_megastairs_5, uniq_erica
Lair:2:   regret_index_tunnel_blossom, layout_misc_corridors,
          spider_nest_entry_rubble, serial_bayou_shore_a, uniq_gastronok,
          uniq_sonja
Lair:3:   dragon1_lemuel, layout_hall_layers, nicolae_shoals_entry_roost
Lair:4:   layout_small_grid, slime_entry_1, infiniplex_staircase_pool_2,
          lemuel_fruit_tree, grunt_megastairs_3
Lair:5:   minmay_lair_end_enchanted_forest, layout_long_grid
Shoals:1: layout_shoals, nicolae_shoals_siren_and_animal_friends, uniq_nikola
Shoals:2: layout_shoals, serial_shops, shop, nicolae_shop_window_shopping,
          nicolae_shop_pleasant_corner_grove, shop
Shoals:3: layout_shoals, hangedman_feature_mirror
Shoals:4: shoals_end_simple, layout_shoals
Spider:1: layout_spider_delve, hellmonk_deceptive_appearances
Spider:2: layout_chambers
Spider:3: layout_spider_delve
Spider:4: grunt_spider_rune_parallel, nicolae_spider_moth_buddies
Slime:1:  layout_caves, cheibrodos_slime_lost_civilization_4
Slime:2:  layout_caves
Slime:3:  nicolae_slime_infinislime, layout_caves
Slime:4:  layout_caves
Slime:5:  slime_pit_nicolae_jellycorners
Orc:1:    layout_diamond_mine, serial_shops, nicolae_shop_waterfront,
          regret_index_minedec_shroomtown_chain, uniq_josephine
Orc:2:    grunt_orc_gardens, layout_caves, grunt_orc_garden, grunt_orc_garden,
          grunt_orc_garden, grunt_orc_garden, basic_altar, minmay_orc_temple_a,
          uniq_snorg
Elf:1:    layout_rooms, nicolae_elf_blasts_and_bolts, minmay_shop_grove
Elf:2:    elven_hall_of_blades_hangedman_original [mumra_blade_entry_bloodbath],
          layout_geoelf_diagonals, special_room [special_room_mythical_zoo],
          uniq_jorgrun, uniq_louise
Elf:3:    minmay_elf_hall_four_x, layout_loops_corners,
          ebering_ghost_reflecting_pool
Vaults:1: nicolae_vaults_wrenched, nicolae_vaults_sightless_eye,
          ontoclasm_vaults_loading_screen, nicolae_vaults_house_2,
          hangedman_vaults_slither, nicolae_vaults_door_testing_chamber,
          nicolae_vaults_weapon_check, nicolae_vaults_house_3, v_misc_19,
          nicolae_vaults_variable_pillar_hall,
          nicolae_vaults_trapezoid_lopsided_3, layout_vaults_maze_bifur,
          serial_shops, nicolae_shop_statue_plus, enter_trove_0, uniq_norris
Vaults:2: v_alt_pattern_2, nicolae_vaults_diamond_1,
          nicolae_vaults_shelves_hall, vaults_mumra_hexcomb,
          ontoclasm_vaults_ring_small, nicolae_vaults_heart-shaped_vault,
          nicolae_vaults_trapezoid_2, nicolae_vaults_tetromino_L_2,
          nicolae_vaults_three_branches, layout_vaults_omnigrid, uniq_aizul,
          uniq_sojobo
Vaults:3: minmay_crypt_entry_simple_walls, v_misc_4, nicolae_vaults_mitosis,
          nicolae_vaults_octothorpe, nicolae_vaults_ring_of_whatevers,
          v_rooms_4, hangedman_vaults_nodes, nicolae_vaults_closet_pinwheel_6,
          dpeg_vaults_hating_casters, v_misc_1, nicolae_vaults_circle_grid_a,
          layout_vaults_omnibox
Vaults:4: v_misc_12, ontoclasm_vaults_spin, hangedman_vaults_snaps,
          nicolae_vaults_library_corner, nicolae_vaults_heart-shaped_vault,
          v_misc_30, nicolae_vaults_storage_closets_2, nicolae_vaults_cochlea,
          v_misc_19, nicolae_vaults_tetromino_T_2, layout_vaults_big_cross,
          serial_shops, shop
Vaults:5
Depths:1: layout_gridlike, grunt_pan_entry_zigzag, hell_entry,
          abyss_entry_small_statue_room, nicolae_shop_i_like_small_books_too,
          lemuel_flame_loot_1, infiniplex_staircase_pool_lava, minmay_shoptagon,
          serial_bayou_shore_b
Depths:2: dreamdust_tengu_aerie, layout_small_grid, rand_demon_pan_entry_8,
          pf_hell_entry_tar_river, minivault_12, uniq_josephina, uniq_mara
Depths:3: minmay_tri_stars, layout_basic, nicolae_ashenzari_skybound,
          abyss_entry, hell_entry, infiniplex_staircase_star, uniq_jory
Depths:4: grunt_zot_entry_gee_three, layout_cave_pools, ziggurat_fallback,
          nzn_hepliaklqana_mist_gate, hell_entry, grunt_pan_entry_sceptre
Zot:1:    layout_twisted_circle, uniq_tiamat
Zot:2:    layout_cathedral_of_symmetry
Zot:3:    layout_twisted_circle
Zot:4:    layout_onion_interference, bh_zot_ikea_curve, st_stairs_11,
          regret_index_zotdec_slimy_original, skrybe_zot_glass_2
Zot:5:    layout_gridlike

Skill      XL: |  1  2  3  4  5  6  7  8  9 10 11 12 13 14 15 16 17 18 19 20 21 22 23 24 25 |
---------------+----------------------------------------------------------------------------+-----
Polearms       | 4 5 6 7 9 12 13 14 15 17 19 | 19.0
Dodging        | 4 5 9 10 13 16 18 | 18.0
Throwing       | 2 3 5 9 10 12 14 15 | 15.0
Invocations    | 2 6 9 11 13 14 15 17 19 20 22 25 | 25.0
Evocations     | 5 7 10 11 13 15 16 18 19 | 19.3
Fighting       | 5 9 14 15 18 20 | 20.0
Armour         | 5 10 13 15 19 20 | 20.0
Stealth        | 5 |  5.0

Action                     |  1- 3 |  4- 6 |  7- 9 | 10-12 | 13-15 | 16-18 | 19-21 | 22-24 | 25-27 || total
---------------------------+-------+-------+-------+-------+-------+-------+-------+-------+-------++-------
  Melee: Spear             |    67 |   168 |   173 |       |       |       |       |       |       ||   408
         Headbutt          |    11 |    41 |    67 |   192 |   250 |   233 |   264 |   437 |    38 ||  1533
         Trident           |       |       |   136 |   794 |   588 |       |       |       |       ||  1518
         Scimitar          |       |       |       |     5 |       |       |       |       |       ||     5
         Demon trident     |       |       |       |       |   690 |  1331 |  1834 |  1933 |   141 ||  5929
         Unarmed           |       |       |       |       |    17 |       |       |       |       ||    17
  Throw: Boomerang         |       |     1 |       |     9 |     5 |       |       |     2 |       ||    17
         Dart              |       |       |       |     8 |    14 |    11 |    10 |       |       ||    43
 Invoke: Draw Destruction  |       |       |       |     5 |    26 |    12 |    16 |    18 |     1 ||    78
         Draw Summoning    |       |       |       |     3 |    14 |     6 |     8 |     8 |     3 ||    42
         Draw Escape       |       |       |       |     1 |       |       |       |     1 |       ||     2
  Evoke: Wand              |       |       |       |     8 |     1 |       |     3 |     4 |     1 ||    17
         Phantom mirror    |       |       |       |       |     1 |       |       |     1 |       ||     2
         Lightning rod     |       |       |       |       |       |       |     1 |     2 |       ||     3
         Tin of tremorston |       |       |       |       |       |       |       |     2 |       ||     2
         Phial of floods   |       |       |       |       |       |       |       |     1 |     1 ||     2
    Use: Scroll            |       |       |     6 |     8 |    20 |     4 |    10 |     7 |     2 ||    57
         Potion            |       |       |     1 |     3 |     2 |     3 |     1 |     9 |     5 ||    24
   Stab: Paralysed         |       |       |       |     6 |       |       |       |       |       ||     6
         Distracted        |       |       |       |       |     5 |       |     4 |     3 |     1 ||    13
         Confused          |       |       |       |       |     1 |       |       |       |       ||     1
 Armour: Robe              |     3 |       |       |       |       |       |       |       |       ||     3
         Ring mail         |    15 |     4 |       |   163 |       |       |       |       |       ||   182
         Chain mail        |       |    62 |    98 |       |       |       |       |       |       ||   160
         Plate armour      |       |       |    48 |   110 |   218 |   548 |   657 |       |       ||  1581
         Fire dragon scale |       |       |       |    38 |   173 |       |       |       |       ||   211
         Scale mail        |       |       |       |       |    86 |       |       |       |       ||    86
         Skin              |       |       |       |       |     3 |       |       |       |       ||     3
         Gold dragon scale |       |       |       |       |       |       |    98 |   947 |   115 ||  1160
  Dodge: Dodged            |    35 |    37 |   160 |   346 |   501 |   384 |   511 |   575 |    79 ||  2628

Action                     |  1- 3 |  4- 6 |  7- 9 | 10-12 | 13-15 | 16-18 | 19-21 | 22-24 | 25-27 || total
---------------------------+-------+-------+-------+-------+-------+-------+-------+-------+-------++-------
  Melee: Spear             |    67 |   168 |   173 |       |       |       |       |       |       ||   408
         Headbutt          |    11 |    41 |    67 |   192 |   250 |   233 |   264 |   437 |    38 ||  1533
         Trident           |       |       |   136 |   794 |   588 |       |       |       |       ||  1518
         Scimitar          |       |       |       |     5 |       |       |       |       |       ||     5
         Demon trident     |       |       |       |       |   690 |  1331 |  1834 |  1933 |   141 ||  5929
         Unarmed           |       |       |       |       |    17 |       |       |       |       ||    17
  Throw: Boomerang         |       |     1 |       |     9 |     5 |       |       |     2 |       ||    17
         Dart              |       |       |       |     8 |    14 |    11 |    10 |       |       ||    43
 Invoke: Draw Destruction  |       |       |       |     5 |    26 |    12 |    16 |    18 |     1 ||    78
         Draw Summoning    |       |       |       |     3 |    14 |     6 |     8 |     8 |     3 ||    42
         Draw Escape       |       |       |       |     1 |       |       |       |     1 |       ||     2
  Evoke: Wand              |       |       |       |     8 |     1 |       |     3 |     4 |     1 ||    17
         Phantom mirror    |       |       |       |       |     1 |       |       |     1 |       ||     2
         Lightning rod     |       |       |       |       |       |       |     1 |     2 |       ||     3
         Tin of tremorston |       |       |       |       |       |       |       |     2 |       ||     2
         Phial of floods   |       |       |       |       |       |       |       |     1 |     1 ||     2
    Use: Scroll            |       |       |     6 |     8 |    20 |     4 |    10 |     7 |     2 ||    57
         Potion            |       |       |     1 |     3 |     2 |     3 |     1 |     9 |     5 ||    24
   Stab: Paralysed         |       |       |       |     6 |       |       |       |       |       ||     6
         Distracted        |       |       |       |       |     5 |       |     4 |     3 |     1 ||    13
         Confused          |       |       |       |       |     1 |       |       |       |       ||     1
 Armour: Robe              |     3 |       |       |       |       |       |       |       |       ||     3
         Ring mail         |    15 |     4 |       |   163 |       |       |       |       |       ||   182
         Chain mail        |       |    62 |    98 |       |       |       |       |       |       ||   160
         Plate armour      |       |       |    48 |   110 |   218 |   548 |   657 |       |       ||  1581
         Fire dragon scale |       |       |       |    38 |   173 |       |       |       |       ||   211
         Scale mail        |       |       |       |       |    86 |       |       |       |       ||    86
         Skin              |       |       |       |       |     3 |       |       |       |       ||     3
         Gold dragon scale |       |       |       |       |       |       |    98 |   947 |   115 ||  1160
  Dodge: Dodged            |    35 |    37 |   160 |   346 |   501 |   384 |   511 |   575 |    79 ||  2628

Levels and vault maps discovered:
D:1:      dpeg_arrival_oval, layout_loops_ring
D:2:      layout_rooms, basic_altar
D:3:      wander_river, layout_rooms, nicolae_ecumenical_snake_handling
D:4:      layout_loops_cross, serial_rivers, chequers_serial_rivers_room_b,
          chequers_serial_rivers_room_b, chequers_serial_rivers_micro_e,
          chequers_serial_rivers_micro_d
D:5:      layout_gridville, mainiacjoe_overflow_paths
D:6:      layout_basic, minmay_temple_entry_gardened_gates
D:7:      layout_cave_pools
D:8:      layout_gridville, grunt_ministairs_14
D:9:      layout_basic, nicolae_vehumet_altar_sigil, led_sif_book,
          lair_entry_dummy, hiddenorc2_lemuel
D:10:     minmay_the_grid_net [minmay_the_grid_empty, minmay_the_grid_fan,
          minmay_the_grid_outer_circle, minmay_the_grid_stretched_grid,
          minmay_the_grid_spin_star, minmay_the_grid_prize_trominoes],
          layout_basic, nicolae_doodle_vault
D:11:     layout_loops_ring, serial_shops, shop, nicolae_wu_jian_glorious_leap
D:12:     minmay_opposing_rooms, layout_irregular_city
D:13:     minmay_statue_hallways, layout_gridville, grunt_vaults_entry_tiered,
          uniq_frances
D:14:     layout_small_grid, serial_shops, nicolae_shop_back_alley_shop,
          hangedman_decor_slide_cut, uniq_roxanne, uniq_azrael, uniq_agnes
D:15:     grunt_enter_depths_snipers, layout_cross, fountainhead, uniq_rupert
Temple:   compressed_dpeg_triangle_lava_temple
Lair:1:   layout_cave_shapes, grunt_megastairs_5, uniq_erica
Lair:2:   regret_index_tunnel_blossom, layout_misc_corridors,
          spider_nest_entry_rubble, serial_bayou_shore_a, uniq_gastronok,
          uniq_sonja
Lair:3:   dragon1_lemuel, layout_hall_layers, nicolae_shoals_entry_roost
Lair:4:   layout_small_grid, slime_entry_1, infiniplex_staircase_pool_2,
          lemuel_fruit_tree, grunt_megastairs_3
Lair:5:   minmay_lair_end_enchanted_forest, layout_long_grid
Shoals:1: layout_shoals, nicolae_shoals_siren_and_animal_friends, uniq_nikola
Shoals:2: layout_shoals, serial_shops, shop, nicolae_shop_window_shopping,
          nicolae_shop_pleasant_corner_grove, shop
Shoals:3: layout_shoals, hangedman_feature_mirror
Shoals:4: shoals_end_simple, layout_shoals
Spider:1: layout_spider_delve, hellmonk_deceptive_appearances
Spider:2: layout_chambers
Spider:3: layout_spider_delve
Spider:4: grunt_spider_rune_parallel, nicolae_spider_moth_buddies
Slime:1:  layout_caves, cheibrodos_slime_lost_civilization_4
Slime:2:  layout_caves
Slime:3:  nicolae_slime_infinislime, layout_caves
Slime:4:  layout_caves
Slime:5:  slime_pit_nicolae_jellycorners
Orc:1:    layout_diamond_mine, serial_shops, nicolae_shop_waterfront,
          regret_index_minedec_shroomtown_chain, uniq_josephine
Orc:2:    grunt_orc_gardens, layout_caves, grunt_orc_garden, grunt_orc_garden,
          grunt_orc_garden, grunt_orc_garden, basic_altar, minmay_orc_temple_a,
          uniq_snorg
Elf:1:    layout_rooms, nicolae_elf_blasts_and_bolts, minmay_shop_grove
Elf:2:    elven_hall_of_blades_hangedman_original [mumra_blade_entry_bloodbath],
          layout_geoelf_diagonals, special_room [special_room_mythical_zoo],
          uniq_jorgrun, uniq_louise
Elf:3:    minmay_elf_hall_four_x, layout_loops_corners,
          ebering_ghost_reflecting_pool
Vaults:1: nicolae_vaults_wrenched, nicolae_vaults_sightless_eye,
          ontoclasm_vaults_loading_screen, nicolae_vaults_house_2,
          hangedman_vaults_slither, nicolae_vaults_door_testing_chamber,
          nicolae_vaults_weapon_check, nicolae_vaults_house_3, v_misc_19,
          nicolae_vaults_variable_pillar_hall,
          nicolae_vaults_trapezoid_lopsided_3, layout_vaults_maze_bifur,
          serial_shops, nicolae_shop_statue_plus, enter_trove_0, uniq_norris
Vaults:2: v_alt_pattern_2, nicolae_vaults_diamond_1,
          nicolae_vaults_shelves_hall, vaults_mumra_hexcomb,
          ontoclasm_vaults_ring_small, nicolae_vaults_heart-shaped_vault,
          nicolae_vaults_trapezoid_2, nicolae_vaults_tetromino_L_2,
          nicolae_vaults_three_branches, layout_vaults_omnigrid, uniq_aizul,
          uniq_sojobo
Vaults:3: minmay_crypt_entry_simple_walls, v_misc_4, nicolae_vaults_mitosis,
          nicolae_vaults_octothorpe, nicolae_vaults_ring_of_whatevers,
          v_rooms_4, hangedman_vaults_nodes, nicolae_vaults_closet_pinwheel_6,
          dpeg_vaults_hating_casters, v_misc_1, nicolae_vaults_circle_grid_a,
          layout_vaults_omnibox
Vaults:4: v_misc_12, ontoclasm_vaults_spin, hangedman_vaults_snaps,
          nicolae_vaults_library_corner, nicolae_vaults_heart-shaped_vault,
          v_misc_30, nicolae_vaults_storage_closets_2, nicolae_vaults_cochlea,
          v_misc_19, nicolae_vaults_tetromino_T_2, layout_vaults_big_cross,
          serial_shops, shop
Vaults:5
Depths:1: layout_gridlike, grunt_pan_entry_zigzag, hell_entry,
          abyss_entry_small_statue_room, nicolae_shop_i_like_small_books_too,
          lemuel_flame_loot_1, infiniplex_staircase_pool_lava, minmay_shoptagon,
          serial_bayou_shore_b
Depths:2: dreamdust_tengu_aerie, layout_small_grid, rand_demon_pan_entry_8,
          pf_hell_entry_tar_river, minivault_12, uniq_josephina, uniq_mara
Depths:3: minmay_tri_stars, layout_basic, nicolae_ashenzari_skybound,
          abyss_entry, hell_entry, infiniplex_staircase_star, uniq_jory
Depths:4: grunt_zot_entry_gee_three, layout_cave_pools, ziggurat_fallback,
          nzn_hepliaklqana_mist_gate, hell_entry, grunt_pan_entry_sceptre
Zot:1:    layout_twisted_circle, uniq_tiamat
Zot:2:    layout_cathedral_of_symmetry
Zot:3:    layout_twisted_circle
Zot:4:    layout_onion_interference, bh_zot_ikea_curve, st_stairs_11,
          regret_index_zotdec_slimy_original, skrybe_zot_glass_2
Zot:5:    layout_gridlike
